1922 views
Uploaded 2022-12-14 22:55:20
Game version 1.32.10
13:07 long 1on1 ladder game on (2)ConcealedHill
Saved by DKnight
1922 views
Uploaded 2022-12-14 22:55:20
Game version 1.32.10
13:07 long 1on1 ladder game on (2)ConcealedHill

20 units @ 3k
/ 0.3k
10 buildings @ 1.6k
/ 0.5k



| Rod of Necromancy | 2 | 300 |
| Orb of Corruption | 1 | 375 |
| Scroll of Healing | 1 | 250 |
| total: | 4 | 925g |
| Acolyte | 3 | 225 | / | 0 |
| Ghoul | 9 | 1080 | / | 0 |
| Crypt Fiend | 6 | 1290 | / | 240 |
| Obsidian Statue | 2 | 400 | / | 70 |
| total: | 20 | 2995g | / | 310w |
| Altar of Darkness | 1 | 180 | / | 50 |
| Crypt | 1 | 200 | / | 50 |
| Ziggurat | 5 | 750 | / | 250 |
| Tomb of Relics | 1 | 130 | / | 30 |
| Graveyard | 1 | 215 | / | 0 |
| Slaughterhouse | 1 | 140 | / | 135 |
| Halls of the Dead | 1 | 320 | / | 210 |
| Black Citadel | 1 | 325 | / | 230 |
| total: | 10 | 1615g | / | 515w |
| 0:03 | Acolyte |
| 0:03 | Acolyte |
| 0:07 | Altar of Darkness |
| 0:10 | Crypt |
| 0:33 | Ziggurat |
| 0:41 | Acolyte |
| 0:57 | Tomb of Relics |
| 1:14 | Ghoul |
| 1:24 | Ghoul |
| 1:33 | Ziggurat |
| 1:53 | Ghoul |
| 2:04 | Ghoul |
| 2:21 | Rod of Necromancy |
| 2:26 | Death Coil |
| 3:22 | Halls of the Dead |
| 3:23 | Ghoul |
| 3:48 | Ghoul |
| 3:57 | Graveyard |
| 4:01 | Ziggurat |
| 4:13 | Ghoul |
| 4:46 | Ghoul |
| 4:49 | Unholy Aura |
| 5:16 | Ghoul |
| 5:28 | Crypt Fiend |
| 5:35 | Ziggurat |
| 5:56 | Rod of Necromancy |
| 6:00 | Slaughterhouse |
| 6:25 | Death Coil |
| 6:27 | Burrow |
| 6:43 | Frost Nova |
| 6:45 | Crypt Fiend |
| 6:51 | Black Citadel |
| 7:13 | Obsidian Statue |
| 7:15 | Crypt Fiend |
| 7:47 | Web |
| 7:52 | Crypt Fiend |
| 8:12 | Scroll of Healing |
| 8:13 | Dark Ritual |
| 8:34 | Crypt Fiend |
| 8:37 | Ziggurat |
| 8:38 | Creature Attack |
| 9:15 | Ghoul Frenzy |
| 9:28 | Orb of Corruption |
| 10:43 | Death Pact |
| 11:08 | Frost Nova |
| 11:15 | Silence |
| 11:25 | Improved Creature Attack |
| 11:27 | Creature Carapace |
| 11:33 | Obsidian Statue |
| 12:22 | Crypt Fiend |
| 13:00 | Dark Ritual |
| Right click | 818 |
| Select group | 488 |
| Select | 258 |
| Misc. action | 82 |
| Build/train/purchase | 54 |
| Assign group | 42 |
| Use ability | 20 |
| Remove unit | 3 |
| Item give/drop | 2 |
22 units @ 4.1k
/ 0.4k
12 buildings @ 1.9k
/ 0.7k


| Healing Salve | 1 | 100 |
| Lesser Clarity Potion | 1 | 70 |
| total: | 2 | 170g |
| Peon | 7 | 525 | / | 0 |
| Grunt | 6 | 1200 | / | 0 |
| Wind Rider | 5 | 1325 | / | 200 |
| Kodo Beast | 4 | 1020 | / | 240 |
| total: | 22 | 4070g | / | 440w |
| Altar of Storms | 1 | 180 | / | 50 |
| Orc Burrow | 6 | 960 | / | 240 |
| Barracks | 1 | 180 | / | 50 |
| Voodoo Lounge | 1 | 130 | / | 30 |
| War Mill | 1 | 205 | / | 0 |
| Beastiary | 2 | 290 | / | 280 |
| Stronghold | 1 | 315 | / | 190 |
| Fortress | 1 | 325 | / | 190 |
| total: | 12 | 1945g | / | 650w |
| 0:03 | Peon |
| 0:03 | Peon |
| 0:06 | Altar of Storms |
| 0:18 | Orc Burrow |
| 0:25 | Peon |
| 0:38 | Barracks |
| 0:44 | Peon |
| 0:54 | Peon |
| 1:05 | Peon |
| 1:07 | Peon |
| 1:41 | Grunt |
| 1:48 | Orc Burrow |
| 2:08 | Voodoo Lounge |
| 2:36 | Serpent Ward |
| 2:48 | Grunt |
| 2:51 | Stronghold |
| 3:46 | Grunt |
| 3:59 | Healing Salve |
| 4:10 | Orc Burrow |
| 4:24 | War Mill |
| 4:52 | Grunt |
| 5:16 | Beastiary |
| 5:20 | Beastiary |
| 6:13 | Healing Wave |
| 6:20 | Wind Rider |
| 6:40 | Wind Rider |
| 6:44 | Orc Burrow |
| 6:49 | Reinforced Defenses |
| 7:28 | Wind Rider |
| 7:37 | Wind Rider |
| 7:42 | Steel Ranged Weapons |
| 8:13 | War Stomp |
| 8:27 | Healing Wave |
| 8:33 | Wind Rider |
| 8:41 | Spiked Barricades |
| 8:46 | Berserker Strength |
| 9:26 | Endurance Aura |
| 9:50 | Fortress |
| 9:52 | Thorium Ranged Weapons |
| 9:59 | Orc Burrow |
| 10:02 | Orc Burrow |
| 10:57 | Kodo Beast |
| 11:06 | Lesser Clarity Potion |
| 11:25 | Kodo Beast |
| 11:51 | Kodo Beast |
| 12:02 | Kodo Beast |
| 12:26 | War Drums Damage Increase |
| 12:36 | Grunt |
| 12:36 | Grunt |
| Right click | 258 |
| Select | 172 |
| Select group | 70 |
| Build/train/purchase | 44 |
| Misc. action | 32 |
| Assign group | 30 |
| Use ability | 29 |
| Item give/drop | 4 |
| Remove unit | 1 |